 Dungeon Crawl Stone Soup version 0.22-a0-880-gb7b0c8b (webtiles) character file.

938 Kuinu the Conjurer (level 7, 0/50 HPs)
             Began as a White Draconian Fire Elementalist on July 30, 2018.
             Slain by an orc warrior
             ... wielding a +0 glaive
              (14 damage)
             ... on level 5 of the Dungeon.
             The game lasted 00:21:33 (6546 turns).

Kuinu the Conjurer (DrFE)                           Turns: 6546, Time: 00:21:33

Health: 0/50       AC:  7    Str: 11    XL:     7   Next: 87%
Magic:  8/14       EV: 12    Int: 17    God:
Gold:   246        SH:  0    Dex: 11    Spells: 5/15 levels left

rFire    . . .     SeeInvis .   j - +2 short sword (speed)
rCold    + . .     Gourm    .   (no shield)
rNeg     . . .     Faith    .   (armour unavailable)
rPois    .         Spirit   .   (helmet restricted)
rElec    .         Reflect  .   x - +0 cloak {MR+}
rCorr    .         Harm     .   (no gloves)
MR       +....                  (no boots)
Stlth    ++........             (no amulet)
HPRegen  0.16/turn              o - ring of attention (curse)
MPRegen  0.14/turn              y - ring of stealth

@: no status effects
A: breathe frost, unfitting armour, cold resistance 1, cold-blooded, AC +6
a: Breathe Frost


You were on level 5 of the Dungeon.
You were hungry.

You visited 1 branch of the dungeon, and saw 5 of its levels.

You collected 246 gold pieces.

Inventory:

Hand Weapons
 e - a +0 club
 f - a +0 dagger
 j - a +2 short sword of speed (weapon)
Missiles
 h - a throwing net (quivered) {!f}
Armour
 d - a +0 shield
 x - a +0 cloak of magic resistance (worn)
Jewellery
 o - a cursed ring of attention (left hand)
 y - a ring of stealth (right hand)
Scrolls
 g - a scroll of fear {unknown}
 m - a scroll of fog {unknown}
 q - a scroll of remove curse {unknown}
 s - a scroll of teleportation {unknown}
 t - a scroll of amnesia {unknown}
 w - a scroll of magic mapping {unknown}
 A - a scroll of identify
Potions
 a - a potion of magic {unknown}
 c - 3 potions of curing
 i - 2 potions of ambrosia
 k - a potion of brilliance {unknown}
 l - 3 potions of mutation {unknown}
 n - a potion of might {unknown}
 p - a potion of degeneration {unknown}
 r - a potion of flight {unknown}
 u - 2 potions of haste {unknown}
 v - a potion of invisibility {unknown}
 z - 2 potions of heal wounds {unknown}
 B - a potion of cancellation {unknown}
Comestibles
 b - 10 rations
 C - a chunk of flesh


   Skills:
 - Level 1.7 Dodging
 + Level 3.7 Stealth
 * Level 4.7 Spellcasting
 * Level 4.8 Conjurations
 * Level 4.7 Fire Magic


You had 5 spell levels left.
You knew the following spells:

 Your Spells              Type           Power        Failure   Level  Hunger
a - Flame Tongue          Conj/Fire      ###..        1%          1    None
b - Throw Flame           Conj/Fire      ###...       3%          2    #......
c - Conjure Flame         Conj/Fire      ###.....     6%          3    ###....
d - Sticky Flame          Conj/Fire      ###.....     21%         4    ####...

Your spell library contained the following spells:

 Spells                   Type           Power        Failure   Level  Hunger
 Fireball                 Conj/Fire      ###.......   50%         5    ######.
 Inner Flame              Hex/Fire       ##......     17%         3    ###....


Dungeon Overview and Level Annotations

Branches:
Dungeon (5/15)
 Temple: D:4-7

Altars:
Nemelex Xobeh

Annotations:
D:2 Sigmund
D:3 3 runed doors, Johnny's ghost, amateur HuEE
D:4 3 runed doors, lurker's ghost, amateur DrFE


Innate Abilities, Weirdness & Mutations

You can breathe waves of freezing cold.
You can buffet flying creatures when you breathe cold.
Your icy white scales are hard. (AC +6)
You cannot fit into any form of body armour.
Your flesh is cold resistant. (rC+)
You are cold-blooded and may be slowed by cold attacks.


Message History

The flame tongue misses the orc warrior.
The orc warrior hits you from afar with a glaive!
Casting: Flame Tongue (safe; 1% risk of failure)
Confirm with . or Enter, or press ? or * to list all spells.
Aiming: Flame Tongue (safe; 1% risk of failure)
Press: ? - help, Shift-Dir - straight line, f/p - orc warrior
Aim: an orc warrior, wielding a glaive and wearing a chain mail The flame tongue hits the orc warrior.
The orc warrior is lightly wounded.
Casting: Flame Tongue (safe; 1% risk of failure)
Confirm with . or Enter, or press ? or * to list all spells.
Aiming: Flame Tongue (safe; 1% risk of failure)
Press: ? - help, Shift-Dir - straight line, f/p - orc warrior
Aim: an orc warrior, wielding a glaive and wearing a chain mail (lightly wounded)
The flame tongue misses the orc warrior.
The orc warrior hits you from afar with a glaive!!
The orc warrior hits you with a glaive!!
* * * LOW HITPOINT WARNING * * *
You feel better. The orc warrior hits you with a glaive!
You die...

≈P≈.. #<# #.##.
##......≈≈≈P...##.#
...#.##.......≈≈≈≈≈≈.....
.....>.........≈≈≈≈....#.
..O............P≈≈≈≈...#.
..............P≈≈≈P.....
.. #..........≈≈≈≈P≈.....
....#...........≈≈≈≈P.....
.........@o....≈.≈≈≈≈.....
######.####....≈ ≈P≈.....
##.....# ..≈ ≈≈≈.....
###.....## . ≈.......
#.#.#8)## ≈≈..... ###
..#...### ...... ...
##.#..(#.# ≈... ..
#.#(8..## ≈ #.##)##...## #
.≈


You could see an orc warrior and an ogre (wandering).

Vanquished Creatures
  An ice beast (D:5)
  A bullfrog (D:3)
  2 scorpions (D:4)
  A crimson imp (D:5)
  A hound (D:4)
  2 orc wizards
  3 orc priests (D:5)
  Crazy Yiuf (D:4)
  A jelly (D:5)
  Natasha (thrice) (D:3)
  An iguana (D:4)
  2 worker ants (D:4)
  6 gnolls
  11 adders
  A howler monkey skeleton (D:4)
  An adder skeleton (D:5)
  A worm (D:5)
  A leopard gecko (D:1)
  11 orcs
  7 bats
  4 giant cockroaches
  6 goblins
  8 hobgoblins
  11 jackals
  A quokka (D:5)
  A ball python (D:3)
  9 frilled lizards
  6 kobolds
  A quokka skeleton (D:5)
  4 rats
109 creatures vanquished.

Notes
Turn   | Place    | Note
-------+----------+-------------------------------------------
     0 | D:1      | Kuinu the Draconian Fire Elementalist began the quest for the Orb.
     0 | D:1      | Reached XP level 1. HP: 14/14 MP: 3/3
   506 | D:1      | Reached XP level 2. HP: 4/20 MP: 0/5
  1204 | D:1      | Learned a level 2 spell: Throw Flame
  1420 | D:2      | Reached XP level 3. HP: 26/26 MP: 0/6
  1941 | D:2      | Noticed Sigmund
  1953 | D:2      | Reached XP level 4. HP: 27/33 MP: 8/8
  2057 | D:3      | Found a sparkling altar of Nemelex Xobeh.
  2073 | D:3      | Noticed Natasha
  2082 | D:3      | Killed Natasha
  2310 | D:3      | Noticed a bullfrog
  2315 | D:3      | Killed a bullfrog
  2315 | D:3      | Reached XP level 5. HP: 34/38 MP: 3/9
  2531 | D:3      | Found a faded altar of an unknown god.
  2573 | D:3      | Learned a level 3 spell: Conjure Flame
  2578 | D:3      | Learned a level 4 spell: Sticky Flame
  2703 | D:3      | Noticed Natasha
  2710 | D:3      | Killed Natasha
  3038 | D:3      | Reached XP level 6. HP: 45/45 MP: 5/11
  3167 | D:3      | Noticed Natasha
  3170 | D:3      | Killed Natasha
  3193 | D:3      | Found a runed gate.
  3193 | D:3      | Found a runed gate.
  3194 | D:3      | Found a runed gate.
  3374 | D:3      | Noticed Johnny's ghost (amateur HuEE)
  3428 | D:4      | Found a runed door.
  4282 | D:4      | Your scales start taking on an icy white colour.
  4282 | D:4      | Reached XP level 7. HP: 43/50 MP: 2/13
  4282 | D:4      | Gained mutation: Your flesh is cold resistant. (rC+) [White Draconian growth]
  4841 | D:4      | Found a runed gate.
  4841 | D:4      | Found a runed gate.
  4841 | D:4      | Found a runed gate.
  4844 | D:4      | Noticed lurker's ghost (amateur DrFE)
  5404 | D:4      | Noticed Crazy Yiuf
  5409 | D:4      | Killed Crazy Yiuf
  5686 | D:5      | Entered Level 5 of the Dungeon
  6546 | D:5      | Slain by an orc warrior

Vault maps used:
D:1:      dpeg_arrival_simpleton_a, minmay_liquid_box
D:2:      kennysheep_the_goblin_king, lightli_temple_of_fire, first_ration,
          uniq_sigmund
D:3:      nemelex_xobeh_ov_fountains_minmay,
          chequers_ecumenical_altar_simple_redux, gammafunk_ghost_necromancy,
          uniq_natasha
D:4:      ebering_ghost_rock_garden, minmay_cupped, uniq_crazy_yiuf_cottage
D:5:      chequers_big_river, roderic_lattice_a, guppyfry_early_orc_mine

Skill      XL: |  1  2  3  4  5  6  7 |
---------------+----------------------+-----
Stealth        | 2 3 |  3.7
Conjurations   | 2 3 4 |  4.8
Spellcasting   | 3 4 |  4.7
Fire Magic     | 4 |  4.7
Dodging        | |  1.7

Action                   |  1- 3 |  4- 6 |  7- 9 || total
-------------------------+-------+-------+-------++-------
Melee: Unarmed           |    12 |       |       ||    12
       Dagger            |     9 |       |       ||     9
       Tailslap          |     3 |     4 |     5 ||    12
       Short sword       |    24 |    24 |    43 ||    91
 Cast: Flame Tongue      |    55 |   107 |    52 ||   214
       Sticky Flame      |       |       |     3 ||     3
  Use: Scroll            |     2 |       |       ||     2
       Potion            |       |       |     1 ||     1
 Stab: Distracted        |     1 |       |       ||     1
       Sleeping          |     1 |       |       ||     1
  Eat: Chunk             |     4 |     7 |     4 ||    15
       Ration            |       |       |     1 ||     1
Armor: Skin              |    14 |    20 |    14 ||    48
Dodge: Dodged            |    45 |    33 |    22 ||   100

Table legend:
 A = Spawn XP
 B = Non-spawn XP
 C = Spawn XP percentage of total XP
 D = Spawn monster count
 E = Non-spawn monster count
 F = Spawn count percentage of total count
 G = Total turns spent on level
                    A         B        C        D         E        F      G
               +---------+---------+-------+---------+---------+-------+---------
         Total |       0 |    1341 |   0.0 |       0 |     109 |   0.0 |  6546
               +---------+---------+-------+---------+---------+-------+---------
           D:1 |       0 |      31 |   0.0 |       0 |      21 |   0.0 |  1371
           D:2 |       0 |      72 |   0.0 |       0 |      14 |   0.0 |   589
           D:3 |       0 |     351 |   0.0 |       0 |      29 |   0.0 |  1461
           D:4 |       0 |     432 |   0.0 |       0 |      25 |   0.0 |  2544
           D:5 |       0 |     455 |   0.0 |       0 |      20 |   0.0 |   581
               +---------+---------+-------+---------+---------+-------+---------
